 Dungeon Crawl Stone Soup version 0.19.5 (webtiles) character file.

184 JeffiDaFish the Shield-Bearer (level 5, -7/33 HPs)
             Began as a Gargoyle Fighter on Aug 24, 2017.
             Mangled by an ogre
             ... wielding a +0 giant spiked club
              (22 damage)
             ... on level 4 of the Dungeon.
             The game lasted 00:09:51 (2762 turns).

JeffiDaFish the Shield-Bearer (Gargoyle Fighter)    Turns: 2762, Time: 00:09:51

Health: -7/33      AC: 14    Str: 20    XL:     5   Next: 64%
Magic:  0/5        EV:  5    Int:  8    God:
Gold:   221        SH:  9    Dex: 10    Spells: 0 memorised, 4 levels left

rFire  . . .     SeeInvis .     a - +0 flail
rCold  . . .     Gourm    .     i - +1 chain mail
rNeg   + + .     Faith    .     c - +0 shield
rPois  ∞         Spirit   +     (no helmet)
rElec  +         Reflect  .     (no cloak)
rCorr  .         Harm     .     (no gloves)
MR     .....                    (no boots)
Stlth  ..........               d - amulet of guardian spirit
                                (no ring)
                                e - ring of positive energy

@: no status effects
A: negative energy resistance 1, electricity resistance, unbreathing,
petrification resistance, rot immunity, AC +4
a: no special abilities


You were on level 4 of the Dungeon.
You were not hungry.

You visited 1 branch of the dungeon, and saw 4 of its levels.

You collected 221 gold pieces.

Inventory:

Hand Weapons
 a - a +0 flail (weapon)
Armour
 c - a +0 shield (worn)
 i - a +1 chain mail (worn)
Jewellery
 d - an amulet of guardian spirit (around neck)
 e - a ring of positive energy (left hand)
Wands
 b - a wand of iceblast (8/15)
Scrolls
 h - a scroll of fog
 k - a scroll of teleportation
 l - 4 scrolls of remove curse
Potions
 m - a potion of curing
 n - 2 potions of berserk rage
Comestibles
 f - 2 bread rations
 g - 4 chunks of flesh
 j - a beef jerky


   Skills:
 + Level 4.0 Fighting
 + Level 3.4 Maces & Flails
 + Level 4.0 Armour
 + Level 1.0 Dodging
 + Level 0.8 Stealth
 + Level 4.5 Shields


You had 4 spell levels left.
You didn't know any spells.

Dungeon Overview and Level Annotations

Branches:
Dungeon (4/15)
 Temple: D:4-7

Altars:
Cheibriados
Elyvilon
Gozag
Nemelex Xobeh
Qazlal
Xom
The Shining One


Innate Abilities, Weirdness & Mutations

You are resistant to torment.
Your stone body is resilient. (AC +4)
You are immune to poison.
You resist negative energy. (rN+)
You are resistant to electric shocks. (rElec)
You can survive without breathing.
You are immune to petrification.
You are immune to rotting.


Message History

The hound is moderately wounded.
The hound bites you. You block the hound's attack.
The ogre hits you with a giant spiked club.
You closely miss the hound.
The hound is moderately wounded.
The hound bites you but does no damage. You block the hound's attack.
The ogre barely misses you.
You hit the hound.
The hound is moderately wounded.
The hound bites you. The hound bites you but does no damage.
You hit the hound but do no damage.
The hound is moderately wounded.
The hound completely misses you. The ogre barely misses you.
The hound bites you but does no damage.
You miss the hound.
The hound is moderately wounded.
The hound closely misses you.
The ogre hits you with a giant spiked club!!
Ouch! That really hurt!
You die...

.|......# ........##
.........######
....#.......##
.............
#...........
#.†hO....... ...
#..@........ .....
##.........####.....
##...#...##........
###.# #.#.........
#.# #..........#
#.###...........
#...............
#...#...)<.....#
#........))....#


You could see an ogre and a hound.

Vanquished Creatures
  Ijyb (D:3)
  Terence (D:3)
  An iguana (D:3)
  A worker ant (D:4)
  An adder (D:2)
  A worm (D:2)
  A dart slug (D:2)
  4 leopard geckos
  9 orcs
  A ball python (D:2)
  5 bats
  4 giant cockroaches (D:2)
  5 goblins
  A hobgoblin (D:2)
  2 jackals (D:3)
  A quokka (D:3)
  3 frilled lizards
  4 kobolds
  A quokka skeleton (D:4)
  9 rats
56 creatures vanquished.

Notes
Turn   | Place    | Note
-------+----------+-------------------------------------------
     0 | D:1      | JeffiDaFish the Gargoyle Fighter began the quest for the Orb.
     0 | D:1      | Reached XP level 1. HP: 14/14 MP: 1/1
   151 | D:1      | Reached XP level 2. HP: 17/19 MP: 2/2
   496 | D:2      | Reached XP level 3. HP: 19/23 MP: 3/3
   624 | D:2      | Found a white marble altar of Elyvilon.
   624 | D:2      | Found a shimmering altar of Xom.
   625 | D:2      | Found an opulent altar of Gozag.
   635 | D:2      | Found a snail-covered altar of Cheibriados.
   658 | D:2      | Found a stormy altar of Qazlal.
  1627 | D:3      | Noticed Terence
  1644 | D:3      | Killed Terence
  1644 | D:3      | Reached skill level 1 in Dodging
  1644 | D:3      | Reached XP level 4. HP: 27/29 MP: 4/4
  1703 | D:3      | Noticed Ijyb
  1726 | D:3      | Killed Ijyb
  1805 | D:3      | Found a sparkling altar of Nemelex Xobeh.
  1929 | D:3      | Reached XP level 5. HP: 10/33 MP: 5/5
  2541 | D:3      | Found a glowing golden altar of the Shining One.
  2754 | D:4      | Noticed an ogre
  2762 | D:4      | Mangled by an ogre

Skill      XL: |  1  2  3  4  5 |
---------------+----------------+-----
Shields        | 4 |  4.5
Dodging        | 1 |  1.0
Maces & Flails | 3 |  3.4
Fighting       | 4 |  4.0
Armour         | 4 |  4.0
Stealth        | |  0.8

Action                   |  1- 3 |  4- 6 || total
-------------------------+-------+-------++-------
Melee: Flail             |   177 |   116 ||   293
  Use: Scroll            |     6 |       ||     6
       Potion            |     3 |     4 ||     7
  Eat: Chunk             |     3 |     2 ||     5
       Royal jelly       |       |     1 ||     1
Armor: Chain mail        |    95 |    72 ||   167
       Skin              |     3 |       ||     3
Dodge: Dodged            |    34 |    36 ||    70
Block: Shield            |    98 |    66 ||   164
